 Dungeon Crawl Stone Soup version 0.20.1-1-g8b1a95d (console) character file.

127 hilaritas the Shield-Bearer (level 5, -1/41 HPs)
             Began as a Formicid Fighter on Nov 8, 2017.
             Slain by a gnoll sergeant
             ... wielding a +0 spear of piercing
              (2 damage)
             ... on level 3 of the Dungeon.
             The game lasted 00:05:36 (2216 turns).

hilaritas the Shield-Bearer (Formicid Fighter)      Turns: 2216, Time: 00:05:36

Health: -1/41      AC:  8    Str: 22    XL:     5   Next: 33%
Magic:  5/5        EV: 13    Int:  7    God:
Gold:   99         SH: 10    Dex: 15    Spells: 4/4 levels left

rFire    . . .     SeeInvis +   a - +0 war axe
rCold    . . .     Gourm    .   c - +0 shield
rNeg     . . .     Faith    .   b - +0 scale mail
rPois    .         Spirit   .   (helmet unavailable)
rElec    .         Reflect  .   (no cloak)
rCorr    .         Harm     .   t - +0 pair of gloves
MR       .....                  (no boots)
Stlth    +.........             (no amulet)
Regen    0.2/turn               (no ring)
MPRegen  0.1/turn               (no ring)

@: agile, flying
A: permanent stasis, dig shafts and tunnels, four strong arms, antennae 3
a: Dig, Shaft Self


You were on level 3 of the Dungeon.
You were hungry.

You visited 1 branch of the dungeon, and saw 3 of its levels.

You collected 99 gold pieces.

Inventory:

Hand Weapons
 a - a +0 war axe (weapon)
 l - a +0 mace
 q - a +0 hand axe
Armour
 b - a +0 scale mail (worn)
 c - a +0 shield (worn)
 t - a +0 pair of gloves (worn)
Scrolls
 e - 2 scrolls of noise {unknown}
 h - a scroll of random uselessness {unknown}
 i - a scroll of remove curse {unknown}
 k - 3 scrolls of identify {unknown}
 m - a scroll of teleportation {unknown}
 r - a scroll of amnesia {unknown}
Potions
 d - a potion of might
 n - a potion of agility
Comestibles
 f - 2 bread rations
 g - a meat ration
 p - a royal jelly


   Skills:
 - Level 3.2 Fighting
 * Level 4.2 Axes
 - Level 3.2 Armour
 + Level 5.0 Shields


You had 4 spell levels left.
You didn't know any spells.

Dungeon Overview and Level Annotations

Branches:
Dungeon (3/15)

Altars:


Innate Abilities, Weirdness & Mutations

You cannot be hasted, slowed, berserked, paralysed or teleported.
You can dig through walls and to a lower floor.
Your four strong arms can wield two-handed weapons with a shield.
You have a pair of large antennae on your head. (SInv)


Message History

You are confused.
You feel invigorated. The orc hits you with a short sword.
* * * LOW HITPOINT WARNING * * *
The orc throws a stone.
The stone hits you but does no damage. The orc hits you with a short sword.
* * * LOW HITPOINT WARNING * * *
Unknown command.
You closely miss the orc priest. You closely miss the orc.
The orc hits you but does no damage. The orc priest hits you with a dagger.
* * * LOW HITPOINT WARNING * * *
The orc hits you but does no damage.
You bump into the rock wall.
You feel less invigorated.
You feel less confused.
The gnoll sergeant hits you from afar with a spear of piercing.
* * * LOW HITPOINT WARNING * * *
x2 You block the orc's attack.
You feel agile all of a sudden.
The gnoll sergeant hits you from afar with a spear of piercing!
* * * LOW HITPOINT WARNING * * *
You die...

##....#+## #.....#
#.......####.....##..
#<............)......
#.........#..........
#.........#)..##.#...
#................+
#.#..###.....###+#
#.#....#..........
#.##..............
##.##....#+#.......#
#........@o#.......#
##.###.###o#{.......
# #....goo...#<..
#.....oo...#..
#......go..#.
#.............
###o..........
#.....###.....
##.....## .....
#....)..## ....
#.....)..+ .o.


You could see a gnoll sergeant, a gnoll shaman, 2 orc priests and 5 orcs.

Vanquished Creatures
  Terence (D:2)
  A gnoll (D:3)
  3 adders (D:2)
  A worm (D:2)
  A dart slug (D:1)
  2 leopard geckos
  2 orcs (D:3)
  5 bats
  2 giant cockroaches (D:2)
  4 goblins
  9 hobgoblins
  6 jackals
  11 kobolds
  2 quokkas
  A frilled lizard (D:2)
  5 rats
56 creatures vanquished.

Notes
Turn   | Place    | Note
-------+----------+-------------------------------------------
     0 | D:1      | hilaritas the Formicid Fighter began the quest for the Orb.
     0 | D:1      | Reached XP level 1. HP: 18/18 MP: 1/1
    65 | D:1      | Reached skill level 4 in Shields
    65 | D:1      | Reached XP level 2. HP: 24/24 MP: 2/2
   633 | D:2      | Reached XP level 3. HP: 29/29 MP: 3/3
   656 | D:2      | Noticed Terence
   660 | D:2      | Killed Terence
   842 | D:2      | Reached XP level 4. HP: 29/35 MP: 4/4
  1672 | D:2      | Reached XP level 5. HP: 27/41 MP: 5/5
  2033 | D:3      | Reached skill level 5 in Shields
  2216 | D:3      | HP: 1/41 [gnoll sergeant/spear of piercing (8)]
  2216 | D:3      | Slain by a gnoll sergeant

Skill      XL: |  1  2  3  4  5 |
---------------+----------------+-----
Shields        | 4 5 |  5.0
Axes           | 3 4 |  4.2
Fighting       | |  3.2
Armour         | |  3.2

Action                   |  1- 3 |  4- 6 || total
-------------------------+-------+-------++-------
Melee: War axe           |    80 |   124 ||   204
  Use: Potion            |       |     4 ||     4
  Eat: Chunk             |       |     4 ||     4
Armor: Scale mail        |    36 |    50 ||    86
Dodge: Dodged            |    27 |    43 ||    70
Block: Shield            |    42 |    96 ||   138
